 Dungeon Crawl Stone Soup version 0.26.1-10-gdfb7c7de75 (webtiles) character file.

Game seed: 3423490586149335646

30 Revguard the Digger (level 3, -1/20 HPs)
             Began as a Gargoyle Earth Elementalist on Apr 3, 2021.
             Slain by a kobold
             ... wielding a +0 short sword
              (4 damage)
             ... on level 1 of the Dungeon.
             The game lasted 00:02:36 (803 turns).

Revguard the Digger (Gargoyle Earth Elementalist)    Turns: 803, Time: 00:02:37

Health: -1/20      AC:  5    Str: 10 (11) XL:     3   Next: 20%
Magic:  1/6        EV: 12    Int: 15 (16) God:
Gold:   13         SH:  0    Dex:  8 (10) Spells: 3/6 levels left

rFire    . . .     SeeInvis .   f - +0 club
rCold    . . .     Faith    .   (no shield)
rNeg     + . .     Spirit   .   c - +0 robe
rPois    ∞         Reflect  .   (no helmet)
rElec    +         Harm     .   (no cloak)
rCorr    .         Rampage  .   (no gloves)
Will     .....                  (no boots)
Stlth    ++........             (no amulet)
HPRegen  0.06/turn              (no ring)
MPRegen  0.10/turn              (no ring)

@: no status effects
A: negative energy resistance 1, electricity resistance, unbreathing,
petrification resistance, miasma immunity, AC +3
a: no special abilities


You were on level 1 of the Dungeon.
You visited 1 branch of the dungeon, and saw 1 of its levels.

You collected 13 gold pieces.

Inventory:

Hand Weapons
 f - a +0 club (weapon)
Missiles
 b - 49 stones
Armour
 c - a +0 robe (worn)
Scrolls
 a - a scroll of immolation {unknown}
 d - a scroll of fog {unknown}
 e - 3 scrolls of identify {unknown}
 h - 2 scrolls of teleportation {unknown}
 i - a scroll of remove curse {unknown}


   Skills:
 * Level 0.7 Fighting
 + Level 0.3 Maces & Flails
 * Level 0.2 Armour
 + Level 1.5 Dodging
 + Level 2.1 Stealth
 - Level 0.2 Unarmed Combat
 * Level 2.2 Spellcasting
 + Level 1.0 Transmutations
 + Level 4.3 Earth Magic


You had 3 spell levels left.
You knew the following spells:

 Your Spells              Type           Power        Failure   Level
a - Sandblast             Erth           28%          3%          1
b - Passwall              Tmut/Erth      7%           11%         2

Your spell library contained the following spells:

 Spells                   Type           Power        Failure   Level
 Stone Arrow              Conj/Erth      16%          26%         3
 Petrify                  Tmut/Erth      9%           56%         4
 Lee's Rapid Deconstruct  Erth           7%           69%         5


Dungeon Overview and Level Annotations

Branches:
Dungeon (1/15)

Altars:


Innate Abilities, Weirdness & Mutations

You are resistant to torment.
Your stone body is resilient. (AC +3)
You are immune to poison.
You resist negative energy. (rN+)
You are resistant to electric shocks. (rElec)
You can survive without breathing.
You are immune to petrification.
You are immune to miasma.


Message History

The leopard gecko is almost dead.
The leopard gecko bites you.
* * * LOW HITPOINT WARNING * * *
The leopard gecko closely misses you.
You hit the leopard gecko.
You kill the leopard gecko!
The kobold misses you.
You closely miss the kobold. The kobold barely misses you.
You hit the kobold.
The kobold is severely wounded.
The kobold barely misses you.
You hit the kobold but do no damage.
The kobold is severely wounded.
The kobold barely misses you.
The kobold hits you with a +0 short sword.
* * * LOW HITPOINT WARNING * * *
You closely miss the kobold.
The kobold is severely wounded.
The kobold hits you with a +0 short sword.
You die...

#.# #.....).............#..
#.######....................).
#.............##†#####.#.###..
#.#######....###... #.#.# #..
#.##.........# .....##.#.# #..
#.##.........############# #..
#.##.........## P♣♣#♣ ###
#.##........#.#PPP≈..P
#.##........#@#PP.....
#.##........#K#......÷
####........#(()l).§..
#........####...... #........#
..... ####...... ...# #.# #♣#
### #.################..
#.#.................


You could see a kobold.

Vanquished Creatures
  3 dart slugs (D:1)
  2 leopard geckos (D:1)
  A giant cockroach (D:1)
  2 goblins (D:1)
  A hobgoblin (D:1)
  A ball python (D:1)
  4 bats (D:1)
  7 kobolds (D:1)
  2 rats (D:1)
23 creatures vanquished.

Vanquished Creatures (others)
  8 plants (D:1)
8 creatures vanquished.

Grand Total: 31 creatures vanquished

Notes
Turn   | Place    | Note
-------+----------+-------------------------------------------
     0 | D:1      | Revguard the Gargoyle Earth Elementalist began the quest
                  | for the Orb.
     0 | D:1      | Reached XP level 1. HP: 10/10 MP: 3/3
   136 | D:1      | Reached skill level 1 in Transmutations
   183 | D:1      | Reached skill level 4 in Earth Magic
   183 | D:1      | Reached XP level 2. HP: 14/15 MP: 0/5
   186 | D:1      | Learned a level 2 spell: Passwall
   776 | D:1      | Reached XP level 3. HP: 20/20 MP: 2/6
   803 | D:1      | Slain by a kobold

Illustrated notes

Levels and vault maps discovered:
D:1:      kilobyte_arrival_exit_the_forest, layout_basic,
          lexackson_kobold_supper

Skill      XL: |  1 |
---------------+----+-----
Transmutations | 1 |  1.0
Earth Magic    | 4 |  4.3
Fighting       | |  0.7
Maces & Flails | |  0.3
Armour         | |  0.2
Dodging        | |  1.5
Stealth        | |  2.1
Unarmed Combat | |  0.2
Spellcasting   | |  2.2

Action                   || total
-------------------------++-------
Melee: Unarmed           ||     2
       Club              ||    33
 Cast: Sandblast         ||    27
  Use: Potion            ||     1
Armor: Robe              ||     8
Dodge: Dodged            ||    44
